 Dungeon Crawl Stone Soup version 0.31-a0-188-g5e087ee2ca (webtiles) character file.

Game seed: 17499331377673401849

105 qw the Skirmisher (level 4, -1/25 HPs)
             Began as a Deep Elf Hunter on June 23, 2023.
             Slain by Duvessa
             ... wielding a +3 short sword
              (9 damage)
             ... on level 4 of the Dungeon.
             The game lasted 00:01:04 (3168 turns).

qw the Skirmisher (Deep Elf Hunter)                 Turns: 3168, Time: 00:01:04

Health: -1/25      AC:  7    Str: 10    XL:     4   Next: 53%
Magic:  6/6        EV: 11    Int: 14    God:
Gold:   171        SH:  0    Dex: 18    Spells: 3/3 levels left

rFire   . . .        Y - +0 shortbow
rCold   . . .        (shield currently unavailable)
rNeg    . . .        j - +0 ring mail
rPois   .            a - +0 helmet
rElec   .            (no cloak)
rCorr   .            f - +0 pair of gloves
SInv    .            (no boots)
Will    .....        (no amulet)
Stlth   +            (no ring)
HPRegen 0.24/turn    (no ring)
MPRegen 0.10/turn

%: no passive effects
@: no status effects
A: no striking features
a: no special abilities


You were on level 4 of the Dungeon.
You visited 1 branch of the dungeon, and saw 4 of its levels.
You also visited: Ossuary.

You collected 171 gold pieces.


   Skills:
 - Level 1.5 Fighting
 + Level 8.0 Ranged Weapons
 - Level 2.4 Dodging
 - Level 1.2 Stealth


You had 3 spell levels left.
You didn't know any spells.
Your spell library was empty.

Inventory:

Hand Weapons
 Y - a +0 shortbow (weapon)
Armour
 a - a +0 helmet (worn)
 f - a +0 pair of gloves (worn)
 j - a +0 ring mail (worn)
Scrolls
 d - 2 scrolls of identify
 m - a scroll of fog {unknown}
Potions
 b - a potion of heal wounds {unknown}
 c - a potion of resistance {unknown}
 e - a potion of cancellation {unknown}
 g - a potion of lignification {unknown}
 h - a potion of enlightenment {unknown}
 i - a potion of brilliance {unknown}
 k - a potion of haste {unknown}
 l - a potion of curing

Dungeon Overview and Level Annotations

Branches:
Dungeon (4/15)            Ossuary (visited)
 Temple: D:4-7

Altars:

Annotations:
D:4 Dowan, Duvessa


Message History

The ball python hisses angrily.
You shoot an arrow. The arrow hits the hobgoblin.
You kill the hobgoblin!
Something unseen opens the door.
Duvessa, Sister of Dowan comes into view.
She is wielding a +3 short sword and carrying a wand of flame (9).
A hobgoblin comes into view.
You shoot an arrow.
Duvessa shouts!
The arrow hits the ball python.
The ball python is heavily wounded.
You hear a shout!
You shoot an arrow.
The arrow hits the ball python but does no damage.
The ball python is heavily wounded.
You shoot an arrow. The arrow hits the ball python.
You kill the ball python!
Dowan, Brother of Duvessa comes into view.
He is wielding a +3 dagger of venom.
You shoot an arrow. The arrow hits Duvessa.
Duvessa is lightly wounded.
Duvessa zaps a wand.
The puff of flame hits you.
You shoot an arrow. The arrow barely misses the hobgoblin.
An orc comes into view. It is wielding a +0 flail.
You shoot an arrow. The arrow closely misses the hobgoblin.
Dowan casts a spell at you. The puff of frost hits you.
The hobgoblin barely misses you.
You shoot an arrow. The arrow hits the hobgoblin.
The hobgoblin is heavily wounded.
An orc wizard comes into view. It is wielding a +0 dagger.
The hobgoblin barely misses you.
You shoot an arrow. The orc wizard shouts!
The arrow hits the hobgoblin.
You kill the hobgoblin!
Duvessa hits you with a +3 short sword!
Ouch! That really hurt!
Your Ranged Weapons skill increases to level 8!
You shoot an arrow. The arrow barely misses Duvessa.
The arrow hits Dowan.
Dowan is moderately wounded.
Duvessa hits you with a +3 short sword!
You die...

...# ...# .. ...#
##########.. ...#
#.........##' ...#
#..........o. ...#
######............
...####...........e.....
#####.+..........e.o....
# #.#.........@%%.....
#####.#......#.#####....
.............#.# .
#####.......##.#
)...#.......##.#
.#.##.......##.#
.#.##.#........#
....#.#.########
#.....#.#


You could see Duvessa, Dowan, an orc wizard and an orc.

Vanquished Creatures
  An adder (D:3)
  A worm (D:1)
  2 dart slugs
  3 endoplasms
  6 giant cockroaches
  2 gnoll zombies (Ossuary)
  7 goblins
  4 hobgoblins
  7 jackals
  2 quokkas
  4 ball pythons
  6 bats
  2 frilled lizards (D:3)
  4 gnoll skeletons (Ossuary)
  A goblin skeleton (Ossuary)
  4 goblin zombies (Ossuary)
  4 hobgoblin skeletons (Ossuary)
  4 hobgoblin zombies (Ossuary)
  9 kobolds
  3 kobold skeletons (Ossuary)
  5 kobold zombies (Ossuary)
  An orc skeleton (Ossuary)
  3 orc zombies (Ossuary)
  3 rats
  2 rat skeletons (Ossuary)
  2 rat zombies (Ossuary)
92 creatures vanquished.

Notes
Turn   | Place    | Note
-------+----------+-------------------------------------------
     0 | D:1      | qw the Deep Elf Hunter began the quest for the Orb.
     0 | D:1      | Reached XP level 1. HP: 12/12 MP: 3/3
     0 | D:1      | 0 ||| qw: Version: 0.3-a-9-g12657ce
     0 | D:1      | 0 ||| qw: Game counter: 3388
     0 | D:1      | 0 ||| qw: Always use a shield: true
     0 | D:1      | 0 ||| qw: God list: Okawaru
     0 | D:1      | 0 ||| qw: Allow faded altars: false
     0 | D:1      | 0 ||| qw: Do Orc after D:15 true
     0 | D:1      | 0 ||| qw: Do second Lair branch before Depths: true
     0 | D:1      | 0 ||| qw: Lair rune preference: random
     0 | D:1      | 0 ||| qw: Plans: Normal
     0 | D:1      | 0 ||| PLANNING D:1-11
   184 | D:1      | Reached XP level 2. HP: 16/16 MP: 4/4
   265 | D:1      | Reached skill level 6 in Ranged Weapons
   911 | D:1      | 911 ||| UPGRADING to +0 scale mail.
   921 | D:1      | 921 ||| DROPPING +0 leather armour.
   922 | D:1      | 922 ||| UPGRADING to +0 ring mail.
   932 | D:1      | 932 ||| DROPPING +0 scale mail.
   933 | D:1      | 933 ||| READING scroll labelled IMENGI LEQE.
   934 | D:1      | 934 ||| READING 2 scrolls labelled INEYXK ONIASK.
   935 | D:1      | 935 ||| READING scroll labelled VANNASTRELA.
  1036 | D:1      | 1036 ||| READING 3 scrolls labelled YTOFI TIGIANO.
  1037 | D:1      | 1037 ||| DROPPING scroll of butterflies.
  1038 | D:1      | 1038 ||| DROPPING scroll of fear.
  1039 | D:1      | 1039 ||| DROPPING 2 scrolls of revelation.
  1085 | D:2      | 1085 ||| STAIRDANCE
  1113 | D:2      | 1113 ||| STAIRDANCE
  1116 | D:1      | Reached XP level 3. HP: 13/20 MP: 5/5
  1309 | D:2      | Identified the +0 robe of Calculation {+Inv Dex-2 Archmagi}
  1402 | D:2      | 1402 ||| UPGRADING to +0 helmet.
  1409 | D:2      | Reached skill level 7 in Ranged Weapons
  1413 | D:2      | 1413 ||| DROPPING +0 robe of Calculation {+Inv Dex-2
                  | Archmagi}.
  1414 | D:2      | 1414 ||| UPGRADING to +0 pair of gloves.
  1592 | D:2      | 1592 ||| READING scroll labelled NOMEGU ASHRAO.
  1593 | D:2      | 1593 ||| READING scroll labelled JEEF MUONYLUMP.
  1750 | D:3      | Found a faded altar of an unknown god.
  2098 | D:3      | Reached XP level 4. HP: 25/25 MP: 6/6
  2367 | D:3      | 2367 ||| DRINKING 2 sedimented ruby potions.
  2396 | D:4      | 2396 ||| PLANNING OSSUARY
  2407 | D:4      | Found a sand-covered staircase.
  2416 | Ossuary  | Entered an ossuary
  2441 | Ossuary  | 2441 ||| FLEEEEING.
  2442 | Ossuary  | 2442 ||| FLEEEEING.
  2443 | Ossuary  | 2443 ||| FLEEEEING.
  2444 | Ossuary  | 2444 ||| FLEEEEING.
  2445 | Ossuary  | 2445 ||| FLEEEEING.
  2446 | Ossuary  | 2446 ||| FLEEEEING.
  2447 | Ossuary  | 2447 ||| FLEEEEING.
  2836 | D:4      | 2836 ||| PLANNING D:1-11
  3159 | D:4      | Noticed Duvessa
  3162 | D:4      | Noticed Dowan
  3168 | D:4      | Reached skill level 8 in Ranged Weapons
  3168 | D:4      | Slain by Duvessa

Levels and vault maps discovered:
D:1:      dpeg_arrival_signposts, layout_loops_corners
D:2:      layout_basic, minmay_surrounded
D:3:      layout_basic, ebering_ecumenical_altar_hall
D:4:      layout_basic, enter_ossuary_1, uniq_duvessa

Skill      XL: |  1  2  3  4 |
---------------+-------------+-----
Ranged Weapons | 6 7 8 |  8.0
Fighting       | |  1.5
Dodging        | |  2.4
Stealth        | |  1.2

Action                     |  1- 3 |  4- 6 || total
---------------------------+-------+-------++-------
   Fire: Shortbow          |   112 |   130 ||   242
    Use: Scroll            |     6 |       ||     6
         Potion            |       |     1 ||     1
 Armour: Ring mail         |    16 |    18 ||    34
         Leather armour    |     2 |       ||     2
  Dodge: Dodged            |    18 |    21 ||    39

Table legend:
 A = Non-vault XP
 B = Vault XP
 C = Vault XP percentage of total XP
 D = Non-vault monster count
 E = Vault monster count
 F = Vault count percentage of total count
                 A         B        C        D         E       F
            +---------+---------+-------+---------+---------+-------
      Total |     104 |      46 |  30.7 |      52 |      40 |  43.5
            +---------+---------+-------+---------+---------+-------
        D:1 |      43 |       0 |   0.0 |      21 |       0 |   0.0
        D:2 |      19 |      10 |  34.5 |      12 |       5 |  29.4
        D:3 |      33 |       0 |   0.0 |      14 |       0 |   0.0
        D:4 |       9 |       0 |   0.0 |       5 |       0 |   0.0
    Ossuary |       0 |      36 | 100.0 |       0 |      35 | 100.0
            +---------+---------+-------+---------+---------+-------
